[Event "Titled Tuesday Blitz June 6 Late 2023"]
[White "Torres Dominguez, David"]
[Black "Ozalp, Burak"]
[WhiteFideId "2220857"]
[BlackFideId "6314210"]
[WhiteElo "1999"]
[BlackElo "2106"]
[Result "0-1"]
[Round "7"]
[TimeControl "180+2"]
[Date "2023.06.07"]
[WhiteClock "0:00:06"]
[BlackClock "0:00:17"]
[Board "123"]

1. e4 c5 2. Nc3 a6 3. Nf3 b5 4. d4 cxd4 5. Nxd4 Bb7 6. Bd3 e6 7. O-O Qb6 8. Nb3 Nf6 9. Be3 Qc7 10. Re1 Be7 11. h3 O-O 12. Qd2 b4 13. Na4 Nxe4 14. Bxe4 Bxe4 15. Nb6 Ra7 16. Nxd7 Nxd7 17. Bxa7 Bxg2 18. Kxg2 Qxa7 19. f3 Nf6 20. Rad1 Nd5 21. Qd4 Qb8 22. h4 Bf6 23. Qg4 h5 24. Qe4 Nf4+ 25. Kh1 Ng6 26. Rg1 Nxh4 27. Nd4 Qe5 28. Qxe5 Bxe5 29. Nc6 Bxb2 30. Nxb4 a5 31. Nd3 Bf6 32. Rgf1 Nf5 33. Kh2 Rc8 34. Kg2 Rxc2+ 35. Rf2 Ne3+ 36. Kg1 Rxf2 37. Nxf2 Nxd1 38. Nxd1 g5 39. Kf1 Kg7 40. Ke2 Kg6 41. Kd3 g4 42. fxg4 hxg4 43. Nf2 Kf5 44. Ne4 Be5 45. Nd2 g3 46. Ke2 Kg4 47. Kf1 f5 48. Kg2 f4 49. Nf3 Bf6 50. a4 e5 51. Nd2 e4 52. Nxe4 f3+ 53. Kg1 Bd4+ 54. Kf1 g2+ 55. Ke1 g1=Q+ 56. Kd2 Qe3+ 0-1


[Site "https://www.chess.com"]

[Event "Titled Tuesday Blitz June 6 Late 2023"]
[White "Shapiro, Daniel"]
[Black "Tsukerman, Julia"]
[WhiteFideId "2001780"]
[BlackFideId "2621649"]
[WhiteElo "2366"]
[BlackElo "1667"]
[Result "0-1"]
[Round "7"]
[TimeControl "180+2"]
[Date "2023.06.07"]
[WhiteClock "0:00:01"]
[BlackClock "0:00:11"]
[Board "124"]

1. d4 d5 2. c4 e6 3. Nf3 Nf6 4. g3 Be7 5. Bg2 O-O 6. O-O dxc4 7. Ne5 Nc6 8. Bxc6 bxc6 9. Nxc6 Qe8 10. Nxe7+ Qxe7 11. Qa4 e5 12. dxe5 Qxe5 13. Qxc4 Be6 14. Qd3 Rfd8 15. Qe3 Qh5 16. f3 Bh3 17. Re1 Re8 18. Qf2 Re7 19. Nc3 Rae8 20. e4 c6 21. Be3 a6 22. Rad1 Nd7 23. g4 Bxg4 24. fxg4 Qxg4+ 25. Qg3 Qe6 26. Rd6 Qc4 27. Red1 Ne5 28. Bd4 Ng6 29. h4 h5 30. Qg5 Qb4 31. Rxg6 fxg6 32. Rd2 Re6 33. e5 Qc4 34. Ne4 Qc1+ 35. Kg2 Qc4 36. Nd6 Qd5+ 37. Kg3 Rxd6 38. exd6 Qxd6+ 39. Qf4 Qe6 40. Rf2 Qe7 41. Bc3 Rf8 42. Qd4 Rxf2 43. Kxf2 Qf7+ 44. Kg2 Kh7 45. Qe3 Kg8 46. Qg5 Kh7 47. Qe3 Qd5+ 48. Kg3 Qf7 49. Qf4 Qd5 50. Qe5 Qd3+ 51. Kf4 Qd7 0-1


[Site "https://www.chess.com"]

[Event "Titled Tuesday Blitz June 6 Late 2023"]
[White "Ricaurte Lopez, Juan Carlos"]
[Black "Di Berardino, Diego Rafael"]
[WhiteFideId "3600327"]
[BlackFideId "2105446"]
[WhiteElo "2200"]
[BlackElo "2426"]
[Result "0-1"]
[Round "7"]
[TimeControl "180+2"]
[Date "2023.06.07"]
[WhiteClock "0:00:05"]
[BlackClock "0:01:04"]
[Board "125"]

1. e4 Nf6 2. e5 Nd5 3. d4 d6 4. Nf3 dxe5 5. Nxe5 c6 6. c4 Nf6 7. Nc3 Bf5 8. Be3 Nbd7 9. f4 e6 10. Be2 Be7 11. O-O O-O 12. Kh1 c5 13. d5 exd5 14. cxd5 Bd6 15. Nc4 Nb6 16. Nxd6 Qxd6 17. Nb5 Qe7 18. Bg1 Nbxd5 19. Bf3 Rad8 20. Re1 Qd7 21. a4 a6 22. Na3 Qc7 23. Rc1 Nb4 24. Qb3 Nd3 25. Qxb7 Qxb7 26. Bxb7 a5 27. Bxc5 Nxe1 28. Bxf8 Nd3 0-1


[Site "https://www.chess.com"]

[Event "Titled Tuesday Blitz June 6 Late 2023"]
[White "Magallanes, Rey Jomar"]
[Black "Papayan, Oleg"]
[WhiteFideId "5205948"]
[BlackFideId "4193911"]
[WhiteElo "2297"]
[BlackElo "2167"]
[Result "0-1"]
[Round "7"]
[TimeControl "180+2"]
[Date "2023.06.07"]
[WhiteClock "0:01:27"]
[BlackClock "0:00:48"]
[Board "126"]

1. e4 e5 2. Nf3 Nc6 3. Bc4 Nf6 4. d3 Bc5 5. c3 O-O 6. a4 a5 7. O-O d5 8. exd5 Nxd5 9. Re1 Bg4 10. Nbd2 Nb6 11. Bb5 Bd6 12. Ne4 f5 13. Qb3+ Kh8 14. Neg5 Qf6 15. h3 Bh5 16. Ne6 Bf7 17. Nfg5 Bg8 18. d4 h6 19. Bxc6 bxc6 20. dxe5 Bxe5 21. Rxe5 Qxe5 22. Nxf8 Qe1+ 23. Kh2 Bxb3 24. Ng6+ Kg8 25. Be3 Qxa1 26. Ne7+ Kf8 27. Bc5 hxg5 28. Nxf5+ Kf7 0-1


[Site "https://www.chess.com"]

[Event "Titled Tuesday Blitz June 6 Late 2023"]
[White "Gonzalez Vega, Alejandro"]
[Black "Srdanovic, Jovana"]
[WhiteFideId "3510042"]
[BlackFideId "954810"]
[WhiteElo "2297"]
[BlackElo "2155"]
[Result "1-0"]
[Round "7"]
[TimeControl "180+2"]
[Date "2023.06.07"]
[WhiteClock "0:02:37"]
[BlackClock "0:00:20"]
[Board "127"]

1. e4 e5 2. Nf3 Nc6 3. d4 exd4 4. Bc4 Nf6 5. e5 d5 6. Bb5 Ne4 7. Nxd4 Bd7 8. Bxc6 bxc6 9. O-O Bc5 10. f3 Ng5 11. f4 Ne6 12. c3 O-O 13. f5 Nxd4 14. cxd4 Bb6 15. f6 c5 16. Qh5 Kh8 17. Bg5 g6 18. Qh6 Rg8 19. Rf4 Qf8 20. Qxh7+ Kxh7 21. Rh4+ Qh6 22. Rxh6# 1-0


[Site "https://www.chess.com"]

[Event "Titled Tuesday Blitz June 6 Late 2023"]
[White "Mikhalsky, Vladimir"]
[Black "mohsengabr2002"]
[WhiteFideId "14144352"]
[WhiteElo "2236"]
[BlackElo "2251"]
[Result "0-1"]
[Round "7"]
[TimeControl "180+2"]
[Date "2023.06.07"]
[WhiteClock "0:00:06"]
[BlackClock "0:00:56"]
[Board "128"]

1. c4 f6 2. d4 g6 3. h4 e6 4. h5 g5 5. e4 Nh6 6. Nf3 d6 7. Nc3 c6 8. Bd3 a6 9. e5 dxe5 10. dxe5 g4 11. exf6 gxf3 12. Qxf3 Nf7 13. Bf4 Nd7 14. O-O-O Qxf6 15. Ne4 Qd4 16. Bc2 Qxc4 17. Rhe1 Be7 18. Qg4 Qxa2 19. Nc3 Qa1+ 20. Kd2 Qa5 21. Qxe6 Nde5 22. Rxe5 Qd8+ 23. Ke3 Bxe6 24. Rxd8+ Nxd8 25. Ne4 O-O 26. Bh6 Rf5 27. Rxe6 Nxe6 28. Bb3 Kf7 29. g4 Rb5 30. Bc4 Rd5 31. f4 b5 32. Bxd5 cxd5 33. Ng3 Bc5+ 34. Kd3 Rg8 35. g5 Nxf4+ 36. Kc3 Ke6 37. g6 hxg6 38. Bxf4 gxh5 39. Nxh5 Rg4 40. Bc1 Bd4+ 41. Kd3 Be5 42. Ke2 Rg1 43. Be3 Rb1 44. Kf3 Rxb2 45. Kg4 Rb3 46. Bg5 a5 47. Nf4+ Bxf4 48. Kxf4 Rb4+ 49. Kf3 a4 50. Bd2 Rb3+ 51. Ke2 a3 52. Kd1 a2 0-1


[Site "https://www.chess.com"]

[Event "Titled Tuesday Blitz June 6 Late 2023"]
[White "The_Straightforward_Rook"]
[Black "campochess"]
[WhiteElo "2367"]
[BlackElo "2159"]
[Result "1-0"]
[Round "7"]
[TimeControl "180+2"]
[Date "2023.06.07"]
[WhiteClock "0:01:44"]
[BlackClock "0:01:17"]
[Board "129"]

1. d4 c5 2. d5 Nf6 3. c4 g6 4. Nc3 Bg7 5. e4 d6 6. Bd3 O-O 7. Nf3 b5 8. cxb5 a6 9. a4 axb5 10. Bxb5 Ba6 11. Bd2 Bxb5 12. axb5 Nbd7 13. O-O Qb6 14. h3 Rfb8 15. Qb3 Ne8 16. Bg5 f6 17. Be3 Nc7 18. Nd2 Ne5 19. f4 Nd3 20. Nc4 Qb7 21. Na5 Qb6 22. Nc6 Re8 23. Rxa8 Nxa8 24. Na4 c4 25. Qxd3 cxd3 26. Nxb6 Nxb6 27. Bxb6 f5 28. e5 dxe5 29. fxe5 Bh6 30. Rd1 d2 31. Kf2 Kf7 32. Be3 f4 33. Bxd2 g5 34. Bb4 Bf8 35. d6 exd6 36. Bxd6 Bg7 37. b6 Bf8 38. b7 Bxd6 39. exd6 1-0


[Site "https://www.chess.com"]

[Event "Titled Tuesday Blitz June 6 Late 2023"]
[White "Spichkin, Alexander"]
[Black "zano2023"]
[WhiteFideId "4144074"]
[WhiteElo "1986"]
[BlackElo "2141"]
[Result "1-0"]
[Round "7"]
[TimeControl "180+2"]
[Date "2023.06.07"]
[WhiteClock "0:01:36"]
[BlackClock "0:00:23"]
[Board "130"]

1. f4 e5 2. e4 Bc5 3. Nf3 d6 4. Bc4 Nf6 5. d3 exf4 6. Bxf4 Bg4 7. h3 Be6 8. Nc3 Bxc4 9. dxc4 Nc6 10. Bg5 h6 11. Bxf6 Qxf6 12. Nd5 Qd8 13. Qe2 a5 14. O-O-O O-O 15. g4 Ne7 16. g5 h5 17. Nh4 Nxd5 18. Rxd5 g6 19. Rhd1 Qe7 20. Nf5 gxf5 21. Rxf5 Rae8 22. Qxh5 Qxe4 23. g6 Be3+ 24. Kb1 fxg6 25. Qxg6+ 1-0


[Site "https://www.chess.com"]

[Event "Titled Tuesday Blitz June 6 Late 2023"]
[White "Lopez Perdomo, Juan David"]
[Black "Swicarz, Maciej"]
[WhiteFideId "4405137"]
[BlackFideId "1113585"]
[WhiteElo "1965"]
[BlackElo "2181"]
[Result "1-0"]
[Round "7"]
[TimeControl "180+2"]
[Date "2023.06.07"]
[WhiteClock "0:00:15"]
[BlackClock "0:00:11"]
[Board "131"]

1. d4 Nf6 2. c4 e6 3. e3 c5 4. Nf3 cxd4 5. Nxd4 d5 6. Nc3 Be7 7. cxd5 Nxd5 8. Bb5+ Bd7 9. Nxd5 exd5 10. Bxd7+ Qxd7 11. O-O O-O 12. b3 Nc6 13. Bb2 Bf6 14. a3 Rac8 15. Qd3 Rfe8 16. Rfd1 Ne5 17. Qe2 a6 18. Rac1 Ng6 19. Rxc8 Qxc8 20. g3 Ne5 21. Rc1 Qh3 22. Qf1 Qg4 23. h3 Qd7 24. Kg2 h5 25. Qe2 g6 26. Nf3 d4 27. Bxd4 Qd5 28. Bxe5 Rxe5 29. Qc4 Qxc4 30. Rxc4 Rb5 31. b4 a5 32. Nd4 Bxd4 33. Rxd4 axb4 34. Rxb4 Ra5 35. a4 Kg7 36. Kf3 Rf5+ 37. Ke2 Ra5 38. Kd3 Kf6 39. f4 Kg7 40. e4 Kf6 41. e5+ Kg7 42. Kc3 Kf8 43. Kb3 Ra7 44. Kc4 Ra5 45. Kb3 Ra7 46. Rb5 Ke7 47. Kb4 Kd7 48. Rb6 Ke7 49. a5 Ke8 50. Kb5 Ke7 51. Rd6 Ra8 52. Rd5 Ra6 53. Rc5 Kd7 54. g4 hxg4 55. hxg4 Kd8 56. Rd5+ Kc7 57. Rd6 Ra8 58. Rf6 Kd7 59. Rxf7+ Ke6 60. Rxb7 g5 61. f5+ Kxe5 62. a6 Kf4 63. f6 Kxg4 64. f7 Kf3 65. a7 g4 66. Rb8 1-0


[Site "https://www.chess.com"]

[Event "Titled Tuesday Blitz June 6 Late 2023"]
[White "Ruiz Aguilar, Pablo Alexander"]
[Black "Vila Dupla, Aurelio"]
[WhiteFideId "4401352"]
[BlackFideId "2203383"]
[WhiteElo "2111"]
[BlackElo "2009"]
[Result "1/2-1/2"]
[Round "7"]
[TimeControl "180+2"]
[Date "2023.06.07"]
[WhiteClock "0:00:33"]
[BlackClock "0:00:12"]
[Board "132"]

1. e4 c5 2. Nf3 d6 3. d4 cxd4 4. Nxd4 Nf6 5. Nc3 g6 6. Be3 Bg7 7. f3 O-O 8. Qd2 Nc6 9. Bc4 Bd7 10. O-O-O Ne5 11. Bb3 Qa5 12. Kb1 Rfc8 13. h4 Rxc3 14. Qxc3 Qxc3 15. bxc3 Rc8 16. Bd2 h5 17. Kb2 a5 18. a3 b5 19. Bg5 Kf8 20. Rhe1 Nh7 21. Be3 Nf6 22. Ne2 Nc6 23. Nd4 b4 24. Nxc6 Bxc6 25. axb4 axb4 26. e5 bxc3+ 27. Kb1 dxe5 28. Bb6 e4 29. fxe4 Nxe4 30. Rd8+ Rxd8 31. Bxd8 Ke8 32. Ba5 Nd2+ 33. Ka2 Bxg2 34. Re3 Nxb3 35. Kxb3 Bd5+ 36. Kb4 Bf6 37. Rh3 Kd7 38. Bb6 e6 39. Bc5 Be4 40. Kb3 Bf5 41. Rh1 Kc6 42. Be3 Kd5 43. Bf2 Ke4 44. Be1 Kf3 45. Bxc3 Bxc3 46. Kxc3 e5 47. Kd2 e4 48. Re1 Kg4 49. c4 Kxh4 50. c5 Kg3 51. c6 h4 52. c7 h3 53. Rxe4 h2 54. Re1 Kg2 55. Re2+ Kg3 56. Re1 Kg2 57. Re2+ Kg3 58. Re1 1/2-1/2


[Site "https://www.chess.com"]

[Event "Titled Tuesday Blitz June 6 Late 2023"]
[White "Osmonbekov, Talaibek"]
[Black "Rian, Kapriaga"]
[WhiteFideId "2017253"]
[BlackFideId "7103263"]
[WhiteElo "2135"]
[BlackElo "2314"]
[Result "0-1"]
[Round "7"]
[TimeControl "180+2"]
[Date "2023.06.07"]
[WhiteClock "0:00:01"]
[BlackClock "0:00:11"]
[Board "133"]

1. d4 Nf6 2. Bf4 d5 3. Nc3 a6 4. e3 c6 5. Nf3 Bf5 6. Ne5 e6 7. g4 Bg6 8. h4 h6 9. Nxg6 fxg6 10. Bd3 Kf7 11. h5 g5 12. Bg6+ Kg8 13. Bg3 Bd6 14. Qf3 Bxg3 15. Qxg3 Nbd7 16. O-O-O Rc8 17. Kb1 c5 18. Qd6 Rc6 19. Qg3 cxd4 20. exd4 Nf8 21. Bd3 Qb6 22. Na4 Qc7 23. Qxc7 Rxc7 24. f3 Kf7 25. Rhe1 N8d7 26. Bg6+ Ke7 27. Re2 Rhc8 28. Rde1 Rc6 29. Bf5 Re8 30. Rxe6+ Rxe6 31. Rxe6+ Kd8 32. Rxe8+ Kxe8 33. b3 Ke7 34. c4 Kd6 35. Kc2 b5 36. cxb5 axb5 37. Nc3 b4 38. Na4 Nb8 39. Nc5 Nc6 40. Kd3 Ne7 41. Be6 Nc6 0-1


[Site "https://www.chess.com"]

[Event "Titled Tuesday Blitz June 6 Late 2023"]
[White "Sarkar, Justin"]
[Black "Araujo Filho, Luiz Antonio Coel"]
[WhiteFideId "2010011"]
[BlackFideId "2130661"]
[WhiteElo "2151"]
[BlackElo "2056"]
[Result "1/2-1/2"]
[Round "7"]
[TimeControl "180+2"]
[Date "2023.06.07"]
[WhiteClock "0:00:33"]
[BlackClock "0:01:48"]
[Board "134"]

1. d4 f5 2. d5 Nf6 3. c4 g6 4. Nc3 Bg7 5. g3 O-O 6. Bg2 d6 7. Nh3 c5 8. Nf4 a6 9. a4 g5 10. Nd3 h6 11. h4 g4 12. Nf4 Qe8 13. O-O Nh5 14. e4 Nxf4 15. Bxf4 Qg6 16. Re1 Rf7 17. e5 dxe5 18. Bxe5 Bxe5 19. Rxe5 Nd7 20. Re6 Qg7 21. Qe2 Nf8 22. Rb6 Nd7 23. Re6 Nf8 24. Rb6 Nd7 25. Re6 1/2-1/2


[Site "https://www.chess.com"]

[Event "Titled Tuesday Blitz June 6 Late 2023"]
[White "Tarnowska, Aleksandra"]
[Black "Kostiukov, Alexandr"]
[WhiteFideId "1180967"]
[BlackFideId "14108100"]
[WhiteElo "1776"]
[BlackElo "2202"]
[Result "0-1"]
[Round "7"]
[TimeControl "180+2"]
[Date "2023.06.07"]
[WhiteClock "0:00:02"]
[BlackClock "0:00:07"]
[Board "135"]

1. e4 c5 2. Nf3 g6 3. d4 cxd4 4. Qxd4 Nf6 5. Nc3 Nc6 6. Qd3 Bg7 7. a3 O-O 8. Be3 Qa5 9. Bd2 d6 10. Be2 Qb6 11. Na4 Qc7 12. Nc3 Bg4 13. h3 Bxf3 14. gxf3 Ne5 15. Qe3 Nc4 16. Bxc4 Qxc4 17. h4 Rfc8 18. Qe2 a6 19. Qxc4 Rxc4 20. Ke2 Rac8 21. Rag1 e6 22. Rg5 h6 23. Rg2 d5 24. e5 Nh5 25. Rhg1 Bxe5 26. Bxh6 Bf4 27. Bg5 Bxg5 28. hxg5 Nf4+ 29. Kd2 Nxg2 30. Rxg2 d4 31. Ne4 Rxc2+ 32. Kd3 Rxb2 33. Nf6+ Kf8 34. Rh2 Ke7 35. Rh7 Rc3+ 36. Kxd4 Rxf3 37. Ng8+ Kd6 38. Nh6 Rbxf2 39. Rh8 Rg3 40. Rd8+ Kc7 0-1


[Site "https://www.chess.com"]

[Event "Titled Tuesday Blitz June 6 Late 2023"]
[White "Vargas, Mauricio"]
[Black "Eggleston, Thomas A"]
[WhiteFideId "4404572"]
[BlackFideId "412139"]
[WhiteElo "1986"]
[BlackElo "2155"]
[Result "0-1"]
[Round "7"]
[TimeControl "180+2"]
[Date "2023.06.07"]
[WhiteClock "0:00:04"]
[BlackClock "0:01:20"]
[Board "136"]

1. e4 e6 2. f4 d5 3. e5 c5 4. Nf3 Nc6 5. Bb5 a6 6. Bxc6+ bxc6 7. d3 h5 8. O-O h4 9. h3 Be7 10. Nc3 Nh6 11. Qe1 Nf5 12. Rf2 a5 13. Na4 Ba6 14. b3 c4 15. dxc4 dxc4 16. Rd2 Qc7 17. Kh2 cxb3 18. cxb3 Bb4 19. Qe4 Ng3 20. Qe1 Nf1+ 21. Kh1 Nxd2 22. Nxd2 Bb5 23. Nb2 Rd8 24. Nbc4 Bxc4 25. bxc4 Qd7 26. Qe4 Bxd2 27. Bxd2 Qxd2 28. Qxc6+ Qd7 29. Qc5 Rc8 30. Qxa5 O-O 31. Qe1 Qd4 32. Rd1 Qxf4 33. Rc1 Rxc4 34. Rxc4 Qxc4 35. a3 Rb8 36. Kh2 Qf4+ 37. Kh1 Rc8 0-1


[Site "https://www.chess.com"]

[Event "Titled Tuesday Blitz June 6 Late 2023"]
[White "Brown, Raehanna"]
[Black "dorpato"]
[WhiteFideId "7402740"]
[WhiteElo "1655"]
[BlackElo "2065"]
[Result "1-0"]
[Round "7"]
[TimeControl "180+2"]
[Date "2023.06.07"]
[WhiteClock "0:01:11"]
[BlackClock "0:00:03"]
[Board "137"]

1. c4 Nf6 2. Nc3 Nc6 3. d4 d6 4. e4 e5 5. d5 Ne7 6. Be2 g6 7. Nf3 Bg7 8. O-O O-O 9. Ne1 c6 10. Be3 cxd5 11. cxd5 Bd7 12. a4 Qc8 13. Rc1 Qd8 14. b4 h5 15. a5 Nh7 16. Nb5 Bxb5 17. Bxb5 f5 18. f3 f4 19. Bf2 g5 20. Nd3 Nf6 21. Kh1 Kh7 22. Qc2 Rc8 23. Qb2 Rxc1 24. Rxc1 g4 25. Bxa7 gxf3 26. gxf3 Ng6 27. Bb6 Qb8 28. Rc7 Nh4 29. Qf2 Ng6 30. Qg2 Rc8 31. Qc2 Rxc7 32. Qxc7 Qxc7 33. Bxc7 Nh4 34. Ne1 Bf8 35. a6 bxa6 36. Bxa6 Ne8 37. Bd8 Ng6 38. b5 Ne7 39. b6 Ng6 40. b7 1-0


[Site "https://www.chess.com"]

[Event "Titled Tuesday Blitz June 6 Late 2023"]
[White "Miller, Ike S"]
[Black "el_sporco"]
[WhiteFideId "2022532"]
[WhiteElo "2119"]
[BlackElo "2409"]
[Result "0-1"]
[Round "7"]
[TimeControl "180+2"]
[Date "2023.06.07"]
[WhiteClock "0:00:37"]
[BlackClock "0:02:04"]
[Board "138"]

1. d4 Nf6 2. c4 e6 3. Nc3 Bb4 4. Qc2 b6 5. a3 Bxc3+ 6. Qxc3 Bb7 7. Bg5 O-O 8. e3 h6 9. Bh4 g5 10. Bg3 Ne4 11. Qc2 d6 12. Bd3 f5 13. Ne2 Nd7 14. f3 Nxg3 15. Nxg3 Kg7 16. O-O Nf6 17. d5 f4 18. Ne4 Nxe4 19. Bxe4 exd5 20. cxd5 fxe3 21. Qc3+ Qf6 22. Qxc7+ Rf7 23. Qc3 Qxc3 24. bxc3 Rc7 25. Rac1 Rac8 26. f4 Rxc3 27. Rxc3 Rxc3 28. fxg5 hxg5 29. Rf5 Rc1+ 30. Rf1 Rxf1+ 31. Kxf1 Kf6 32. Ke2 Ke5 33. Kxe3 Bxd5 34. Bxd5 Kxd5 35. g3 Ke5 36. h4 gxh4 37. gxh4 Kf5 38. Kd4 b5 0-1


[Site "https://www.chess.com"]

[Event "Titled Tuesday Blitz June 6 Late 2023"]
[White "Dmitriev, Sergey"]
[Black "NtcPou"]
[WhiteFideId "14101785"]
[WhiteElo "2132"]
[BlackElo "2042"]
[Result "0-1"]
[Round "7"]
[TimeControl "180+2"]
[Date "2023.06.07"]
[WhiteClock "0:01:03"]
[BlackClock "0:02:08"]
[Board "139"]

1. d4 d5 2. Bf4 c6 3. Nf3 Qb6 4. b3 Bf5 5. e3 e6 6. Nbd2 h6 7. Be2 Nf6 8. O-O Nbd7 9. c4 Nh5 10. c5 Qd8 11. Bg3 Nxg3 12. fxg3 Be7 13. b4 O-O 14. Nb3 Qc7 15. Bd3 Bxd3 16. Qxd3 e5 17. dxe5 Nxe5 18. Nxe5 Qxe5 19. Rae1 Bf6 20. Rf5 Qc3 21. Rd1 Qxb4 22. Rxf6 gxf6 23. Qf5 Qe4 24. Qxf6 Qxe3+ 25. Kh1 Qg5 26. Qd6 Rac8 27. Rf1 Rfd8 28. Qf6 Qxf6 29. Rxf6 Kg7 30. Rf4 Re8 31. Nd4 Re1+ 0-1


[Site "https://www.chess.com"]

[Event "Titled Tuesday Blitz June 6 Late 2023"]
[White "Duda, Jan-Krzysztof"]
[Black "Makarian, Rudik"]
[WhiteFideId "1170546"]
[BlackFideId "44105681"]
[WhiteElo "2783"]
[BlackElo "2451"]
[Result "1-0"]
[Round "8"]
[TimeControl "180+2"]
[Date "2023.06.07"]
[WhiteClock "0:00:23"]
[BlackClock "0:00:09"]
[Board "1"]

1. d4 Nf6 2. c4 e6 3. Nf3 d5 4. g3 Bb4+ 5. Bd2 Be7 6. Bg2 O-O 7. O-O Nbd7 8. Qb3 c6 9. Bb4 h6 10. Rc1 a5 11. Bxe7 Qxe7 12. a3 dxc4 13. Qxc4 e5 14. e3 exd4 15. Nxd4 Ne5 16. Qc2 h5 17. h3 Rd8 18. Nd2 Be6 19. Re1 c5 20. Nxe6 Qxe6 21. Bxb7 Rab8 22. Bg2 Nd3 23. Reb1 a4 24. b3 axb3 25. Rxb3 Rxb3 26. Nxb3 c4 27. Nd4 Qa6 28. a4 Rc8 29. Rb1 Qa5 30. Nc6 Qc5 31. Rb5 Qa3 32. Qxc4 Kh7 33. Qxf7 Qa1+ 34. Kh2 Rxc6 35. Bxc6 Nxf2 36. Rxh5+ Nxh5 37. Qxh5+ Kg8 38. Bd5+ Kf8 39. Qf7# 1-0


[Site "https://www.chess.com"]

[Event "Titled Tuesday Blitz June 6 Late 2023"]
[White "Nakamura, Hikaru"]
[Black "Deac, Bogdan-Daniel"]
[WhiteFideId "2016192"]
[BlackFideId "1226380"]
[WhiteElo "2874"]
[BlackElo "2644"]
[Result "1-0"]
[Round "8"]
[TimeControl "180+2"]
[Date "2023.06.07"]
[WhiteClock "0:00:19"]
[BlackClock "0:00:03"]
[Board "2"]

1. g3 d5 2. Bg2 e5 3. d3 Nc6 4. Nc3 d4 5. Nb1 Be6 6. c3 Qd7 7. Nf3 f6 8. Nbd2 Nge7 9. Nb3 Ng6 10. Bd2 dxc3 11. Bxc3 Bh3 12. Bxh3 Qxh3 13. Qc2 O-O-O 14. O-O-O Qe6 15. Kb1 Kb8 16. Rc1 Bd6 17. Nbd2 Nge7 18. Ne4 Rhe8 19. Rhd1 Nd5 20. a3 h6 21. Bd2 f5 22. Nxd6 cxd6 23. e4 Nb6 24. Be3 Rc8 25. Bxb6 axb6 26. Qa4 Rf8 27. Rc3 fxe4 28. dxe4 Na5 29. Rxc8+ Qxc8 30. Rd3 Qg4 31. Nd2 Rxf2 32. Rxd6 Qe2 33. Qe8+ Ka7 34. Rd8 b5 35. Ra8+ Kb6 36. Qd8+ Kc5 37. b4+ 1-0


[Site "https://www.chess.com"]

[Event "Titled Tuesday Blitz June 6 Late 2023"]
[White "Sarana, Alexey"]
[Black "Kovalev, Vladislav"]
[WhiteFideId "24133795"]
[BlackFideId "13504398"]
[WhiteElo "2714"]
[BlackElo "2555"]
[Result "0-1"]
[Round "8"]
[TimeControl "180+2"]
[Date "2023.06.07"]
[WhiteClock "0:00:05"]
[BlackClock "0:00:07"]
[Board "3"]

1. d4 Nf6 2. c4 e6 3. Nc3 Bb4 4. e3 O-O 5. Bd3 d5 6. a3 Bxc3+ 7. bxc3 dxc4 8. Bxc4 c5 9. Ne2 Qc7 10. Ba2 b6 11. O-O Ba6 12. Re1 Nc6 13. Ng3 Rfd8 14. Bb2 Rac8 15. e4 cxd4 16. cxd4 Qf4 17. Rc1 Na5 18. d5 exd5 19. Rxc8 Rxc8 20. exd5 Bc4 21. d6 Bxa2 22. Bxf6 Qxf6 23. d7 Rf8 24. Re8 Nb7 25. Nf5 g6 26. Nh6+ Kg7 27. Ng4 Qb2 28. Rxf8 Kxf8 29. d8=Q+ Nxd8 30. Qxd8+ Kg7 31. h3 Be6 32. Ne3 Qa1+ 33. Kh2 Qe5+ 34. Kg1 h5 35. Qe7 a5 36. h4 b5 37. g3 Qc3 38. Qd6 b4 39. axb4 axb4 40. Nd1 Qa1 41. Kh2 b3 42. Qd2 Qe5 43. Nc3 Kh7 44. Qb2 Qf5 45. Kg1 Qc2 46. Qa1 b2 47. Qa3 b1=Q+ 48. Nxb1 Qxb1+ 49. Kh2 Qe4 50. Qc1 Bd5 51. Qf1 Qf3 52. Kg1 Qh1# 0-1


[Site "https://www.chess.com"]

[Event "Titled Tuesday Blitz June 6 Late 2023"]
[White "Durarbayli, Vasif"]
[Black "Andreikin, Dmitry"]
[WhiteFideId "13402935"]
[BlackFideId "4158814"]
[WhiteElo "2551"]
[BlackElo "2736"]
[Result "0-1"]
[Round "8"]
[TimeControl "180+2"]
[Date "2023.06.07"]
[WhiteClock "0:00:01"]
[BlackClock "0:00:30"]
[Board "4"]

1. e4 g6 2. d4 Bg7 3. Nc3 c6 4. Be3 d6 5. h3 Nf6 6. g4 b5 7. Bg2 b4 8. Nce2 O-O 9. Ng3 a5 10. g5 Nfd7 11. h4 c5 12. h5 Nc6 13. c3 a4 14. hxg6 hxg6 15. d5 Nce5 16. cxb4 Nc4 17. Rb1 Nxe3 18. fxe3 Qb6 19. Qg4 Qxb4+ 20. Kf1 Ba6+ 21. N1e2 Ne5 22. Qh4 Rfb8 23. Rh3 Qd2 24. b3 Qxa2 25. Re1 Rxb3 26. Nf5 gxf5 27. exf5 Rb1 28. Rxb1 Qxb1+ 29. Kf2 Qxf5+ 30. Nf4 a3 31. g6 Nxg6 32. Qh7+ Kf8 33. Rf3 Qxf4 34. exf4 a2 35. Ra3 Bb7 36. Rxa2 Rxa2+ 37. Kg3 Ra3+ 38. Kh2 Nxf4 39. Qf5 Ra2 40. Kh1 Nxg2 41. Qd7 Be5 42. Qxb7 Ne3 43. Qc8+ Kg7 0-1


[Site "https://www.chess.com"]

[Event "Titled Tuesday Blitz June 6 Late 2023"]
[White "Hakobyan, Aram"]
[Black "Moroni, Luca Jr"]
[WhiteFideId "13306677"]
[BlackFideId "865834"]
[WhiteElo "2584"]
[BlackElo "2569"]
[Result "0-1"]
[Round "8"]
[TimeControl "180+2"]
[Date "2023.06.07"]
[WhiteClock "0:00:31"]
[BlackClock "0:01:10"]
[Board "5"]

1. e4 d6 2. Nc3 e5 3. Bc4 Be7 4. d3 Be6 5. Bxe6 fxe6 6. Qg4 Kf7 7. Nh3 h6 8. f4 Nf6 9. Qd1 Rf8 10. O-O Kg8 11. fxe5 dxe5 12. Be3 Nc6 13. Kh1 Qe8 14. Ng1 Qg6 15. Nf3 Ng4 16. Bg1 Rf7 17. Nb5 Rc8 18. c3 a6 19. Na3 Bxa3 20. bxa3 Nf6 21. Rb1 Rb8 22. a4 Nh5 23. Nh4 Rxf1 24. Nxg6 Rxd1 25. Rxd1 Rd8 26. g3 Nf6 27. Rb1 b6 28. Bxb6 Rb8 29. a5 Kf7 30. Nh4 Nxa5 31. Bxa5 Rxb1+ 32. Kg2 Rb2+ 33. Kg1 c5 34. Nf3 Nd7 35. a4 Ra2 36. Bc7 Rxa4 37. Bxe5 Ra1+ 38. Kf2 Ra2+ 39. Ke3 a5 40. c4 a4 41. Bc3 a3 42. Nd2 Rc2 43. Ba1 Rc1 0-1


[Site "https://www.chess.com"]

[Event "Titled Tuesday Blitz June 6 Late 2023"]
[White "Narayanan.S.L"]
[Black "Nepomniachtchi, Ian"]
[WhiteFideId "5058422"]
[BlackFideId "4168119"]
[WhiteElo "2563"]
[BlackElo "2781"]
[Result "0-1"]
[Round "8"]
[TimeControl "180+2"]
[Date "2023.06.07"]
[WhiteClock "0:00:06"]
[BlackClock "0:00:11"]
[Board "6"]

1. d4 f5 2. Nf3 Nf6 3. g3 g6 4. Bg2 Bg7 5. O-O O-O 6. b3 d6 7. Bb2 a5 8. a4 Na6 9. Nbd2 c6 10. Re1 Ne4 11. Nxe4 fxe4 12. Nd2 d5 13. f3 Qb6 14. e3 exf3 15. Bxf3 Nb4 16. Nf1 Rxf3 17. Qxf3 Nxc2 18. Ba3 Nxa1 19. Rxa1 Qxb3 20. Bxe7 Bf5 21. Qf4 Re8 22. Bd6 Qc2 23. Qf2 Qc3 24. Rd1 b5 25. axb5 cxb5 26. Qf4 Be4 27. g4 b4 28. Rd2 Qc6 29. Rf2 Qd7 30. Ng3 b3 31. Ba3 Bc2 32. h4 Qe6 33. h5 Qxe3 34. Qf7+ Kh8 35. Kg2 Bxd4 36. Re2 Qxe2+ 37. Nxe2 Rxe2+ 38. Kh3 Rf2 39. Qe8+ Kg7 40. h6+ Kxh6 41. Bf8+ Rxf8 42. Qxf8+ Kg5 43. Qe7+ Kf4 44. Qxh7 b2 45. Qc7+ Ke3 46. Qxc2 a4 47. Kg2 a3 48. Qb1 Kd2 49. Kf1 Bc5 50. g5 d4 51. Qa2 d3 52. Qb3 Bd4 53. Kg2 Bc3 54. Kf3 a2 55. Qxa2 Kc2 56. Qa4+ Kc1 57. Qf4+ d2 58. Qc4 b1=Q 59. Qxc3+ Qc2 60. Qa1+ Qb1 61. Qc3+ Kd1 62. Ke3 Qb6+ 63. Kf3 Qb7+ 64. Ke3 Qe7+ 65. Kf3 Qe2+ 66. Kg3 Ke1 67. Qb4 Qe3+ 68. Kg2 Qxg5+ 69. Kf3 Qf5+ 70. Ke3 Qf2+ 71. Ke4 Qh4+ 0-1


[Site "https://www.chess.com"]